 Dungeon Crawl Stone Soup version 0.19.5 (webtiles) character file.

210 zidoval the Skirmisher (level 5, 0/47 HPs)
             Began as a Minotaur Fighter on Mar 11, 2017.
             Was an Initiate of Okawaru.
             Succumbed to a gnoll's poison
             ... on level 4 of the Dungeon.
             The game lasted 00:04:57 (2978 turns).

zidoval the Skirmisher (Minotaur Fighter)           Turns: 2978, Time: 00:04:58

Health: 0/47       AC:  7    Str: 22    XL:     5   Next: 57%
Magic:  4/4        EV:  7    Int:  5    God:    Okawaru [......]
Gold:   85         SH:  9    Dex:  9    Spells: 0 memorised, 4 levels left

rFire  . . .     SeeInvis .     a - +0 war axe
rCold  . . .     Gourm    .     b - +0 scale mail
rNeg   . . .     Faith    .     c - +0 shield
rPois  .         Spirit   .     (helmet restricted)
rElec  .         Reflect  .     (no cloak)
rCorr  .         Harm     .     (no gloves)
MR     .....                    (no boots)
Stlth  ..........               (no amulet)
                                (no ring)
                                (no ring)

@: lethally poisoned (0 -> -23)
A: retaliatory headbutt, horns 2
a: Renounce Religion


You were on level 4 of the Dungeon.
You worshipped Okawaru.
Okawaru was noncommittal.
You were hungry.

You visited 1 branch of the dungeon, and saw 4 of its levels.

You collected 85 gold pieces.

Inventory:

Hand Weapons
 a - a +0 war axe (weapon)
Armour
 b - a +0 scale mail (worn)
 c - a +0 shield (worn)
Jewellery
 g - an uncursed ring of magical power {unknown}
 m - a cursed -2 ring of intelligence {unknown}
 q - a cursed -4 ring of protection {unknown}
 s - a +5 ring of evasion {unknown}
 t - an uncursed ring of protection from cold {unknown}
Scrolls
 e - 2 scrolls of noise {unknown}
 i - a scroll of immolation {unknown}
 j - a scroll of magic mapping {unknown}
 k - a scroll of recharging {unknown}
 l - a scroll of remove curse {unknown}
 o - a scroll of enchant armour {unknown}
 r - 2 scrolls of teleportation {unknown}
 u - a scroll of fear {unknown}
 v - 2 scrolls of identify {unknown}
 y - a scroll of amnesia {unknown}
Potions
 d - 3 potions of might
 h - 4 potions of curing {unknown}
 n - a potion of berserk rage {unknown}
 w - a potion of brilliance {unknown}
 x - a potion of resistance {unknown}
 A - a potion of flight {unknown}
 B - 3 potions of haste {unknown}
Comestibles
 f - 4 bread rations
 p - a meat ration
 z - 2 chunks of flesh


   Skills:
 + Level 4.8 Fighting
 * Level 4.7 Axes
 + Level 4.6 Armour
 + Level 4.7 Shields


You had 4 spell levels left.
You didn't know any spells.

Dungeon Overview and Level Annotations

Branches:
Dungeon (4/15)
 Temple: D:4-7

Altars:
Fedhas
Kikubaaqudgha
Okawaru
Qazlal

Annotations:
D:4 Denreik's ghost, amateur FoVM


Innate Abilities, Weirdness & Mutations

You reflexively headbutt those who attack you in melee.
You have a pair of horns on your head.


Message History

You feel very sick. You block the gnoll's attack.
You hit the gnoll.
The gnoll is severely wounded.
* * * LOW HITPOINT WARNING * * *
You feel very sick. You block the gnoll's attack.
You completely miss the gnoll.
The gnoll is severely wounded.
* * * LOW HITPOINT WARNING * * *
You feel very sick. You block the gnoll's attack.
You slash the gnoll!
You kill the gnoll!
Okawaru accepts your kill.
* * * LOW HITPOINT WARNING * * *
You feel very sick.
You slash the gnoll!
The gnoll is severely wounded.
You die...

#...)..# #.#.#
###......#
#.#.#
#........#
#.#.#
#.#......#
#.#.#
###......#
#.#.#
#####.####.#.#
#......#.#
########.# #@#
#g# #W#
...%....#
......%.#
....g...#
..gW....#
........#
........#


You could see Denreik's ghost and a gnoll.

Vanquished Creatures
  A hound (D:4)
  2 orc wizards (D:4)
  A worker ant (D:4)
  A hound skeleton (D:4)
  3 gnolls (D:4)
  An adder (D:4)
  An ooze (D:1)
  A worm (D:4)
  A leopard gecko (D:1)
  2 orcs (D:4)
  4 giant cockroaches
  7 hobgoblins
  8 kobolds
  3 ball pythons
  4 bats
  3 frilled lizards
  4 goblins
  4 rats
51 creatures vanquished.

Notes
Turn   | Place    | Note
-------+----------+-------------------------------------------
     0 | D:1      | zidoval the Minotaur Fighter began the quest for the Orb.
     0 | D:1      | Reached XP level 1. HP: 19/19 MP: 0/0
     1 | D:1      | Noticed an electric eel
   154 | D:1      | Reached XP level 2. HP: 27/27 MP: 1/1
   889 | D:2      | Found an iron altar of Okawaru.
   900 | D:2      | Became a worshipper of Warmaster Okawaru
  1004 | D:2      | Reached XP level 3. HP: 33/33 MP: 2/2
  2001 | D:3      | Found an ancient bone altar of Kikubaaqudgha.
  2001 | D:3      | Found a stormy altar of Qazlal.
  2002 | D:3      | Found a blossoming altar of Fedhas.
  2563 | D:4      | Reached XP level 4. HP: 36/41 MP: 3/3
  2682 | D:4      | Noticed Denreik's ghost (amateur FoVM)
  2805 | D:4      | Reached XP level 5. HP: 44/47 MP: 4/4
  2978 | D:4      | Succumbed to a gnoll's poison

Skill      XL: |  1  2  3  4 |
---------------+-------------+-----
Axes           | 3 4 |  4.7
Armour         | 4 |  4.6
Shields        | 4 |  4.7
Fighting       | 4 |  4.8

Action                   |  1- 3 |  4- 6 || total
-------------------------+-------+-------++-------
Melee: War axe           |    88 |    38 ||   126
       Headbutt          |    12 |     6 ||    18
  Eat: Chunk             |     5 |     1 ||     6
Armor: Scale mail        |    41 |     9 ||    50
Dodge: Dodged            |    21 |     4 ||    25
Block: Shield            |    50 |    19 ||    69
